[Event "Titled Tuesday Blitz July 11 Early 2023"]
[White "Koshulyan, Egor A."]
[Black "Palencia Morales, Wilson Guillermo"]
[WhiteFideId "24237000"]
[BlackFideId "4401859"]
[WhiteElo "2633"]
[BlackElo "2532"]
[Result "1/2-1/2"]
[Round "8"]
[TimeControl "180+2"]
[Date "2023.07.11"]
[WhiteClock "0:00:13"]
[BlackClock "0:00:08"]
[Board "94"]

1. e4 c5 2. Nf3 d6 3. d4 cxd4 4. Qxd4 Nc6 5. Bb5 Qa5+ 6. Nc3 Qxb5 7. Nxb5 Nxd4 8. Nfxd4 Kd8 9. c4 Bd7 10. Be3 a6 11. Nc3 e6 12. Nb3 Rc8 13. Bb6+ Ke8 14. Na5 Bc6 15. O-O-O Nf6 16. f3 Nd7 17. Be3 Be7 18. Kb1 Bd8 19. Nb3 Be7 20. Bf4 Ne5 21. c5 f6 22. cxd6 Bd8 23. Nc5 Bd7 24. Nb3 Nc4 25. Nd2 Nb6 26. Bg3 Rc6 27. Nb3 Nc4 28. Nd4 Rb6 29. Nb3 e5 30. Nd5 Rxd6 31. Nc5 Bc6 32. Rc1 b5 33. Rhd1 Bxd5 34. exd5 Bb6 35. Ne4 Rd8 36. b3 Ne3 37. Rd3 Nxd5 38. Rc6 Bd4 39. a3 a5 40. Be1 a4 41. Nd6+ Kd7 42. Ra6 Ra8 43. Rxa8 Rxa8 44. Nxb5 axb3 45. Nxd4 exd4 46. Rxd4 Kc6 47. Kb2 Re8 48. Bg3 Re2+ 49. Kxb3 Rxg2 50. a4 Re2 51. Rc4+ Kb6 52. Rd4 Kc6 53. a5 Re3+ 54. Kb2 Kc5 55. Ra4 Kb5 56. Ra1 Re2+ 57. Kb3 Re3+ 58. Kc2 Nb4+ 59. Kd2 Rd3+ 60. Ke2 Rc3 61. Be1 Rc2+ 62. Kd1 Rb2 63. Bxb4 Rxb4 64. a6 Rd4+ 65. Ke2 Rd8 66. Ke3 Ra8 67. a7 Kb6 68. Ke4 Rxa7 69. Rxa7 Kxa7 70. Kd5 Kb6 71. Ke6 Kc5 72. Kf7 f5 73. Kxg7 Kd4 74. Kxh7 Ke3 75. Kg6 f4 76. h4 Kxf3 77. h5 Kg4 78. h6 f3 79. h7 f2 80. h8=Q f1=Q 81. Qh5+ Kg3 82. Qg5+ Kh3 83. Qh5+ Kg3 84. Qg5+ Kh3 85. Qf5+ Qxf5+ 86. Kxf5 1/2-1/2


[Site "https://www.chess.com"]

[Event "Titled Tuesday Blitz July 11 Early 2023"]
[White "feuervogel1000000"]
[Black "Oleksiyenko, Mykhaylo"]
[BlackFideId "4152417"]
[WhiteElo "2519"]
[BlackElo "2629"]
[Result "0-1"]
[Round "8"]
[TimeControl "180+2"]
[Date "2023.07.11"]
[WhiteClock "0:01:08"]
[BlackClock "0:00:56"]
[Board "95"]

1. d4 d5 2. c4 e6 3. Nf3 Nf6 4. g3 Be7 5. Bg2 O-O 6. O-O c6 7. Qc2 dxc4 8. Qxc4 b5 9. Qc2 Bb7 10. Bd2 Nbd7 11. Nc3 a6 12. e4 c5 13. Be3 b4 14. e5 bxc3 15. exf6 Nxf6 16. bxc3 cxd4 17. Bxd4 Rc8 18. Rfd1 Qc7 19. Be5 Qa5 20. Re1 Nd7 21. Bd4 Bxf3 22. Bxf3 Bf6 23. Qd3 Rxc3 24. Bxc3 Bxc3 25. Qxd7 Bxe1 26. Rc1 Bc3 27. Qd3 Bf6 28. Rc2 g6 29. h4 Rd8 30. Qe2 Kg7 31. Kg2 Rd4 32. h5 gxh5 33. Bxh5 Qe5 34. Qg4+ Rxg4 0-1


[Site "https://www.chess.com"]

[Event "Titled Tuesday Blitz July 11 Early 2023"]
[White "Tokman, Ariel"]
[Black "Dronavalli, Harika"]
[WhiteFideId "117420"]
[BlackFideId "5015197"]
[WhiteElo "2531"]
[BlackElo "2627"]
[Result "0-1"]
[Round "8"]
[TimeControl "180+2"]
[Date "2023.07.11"]
[WhiteClock "0:00:03"]
[BlackClock "0:00:23"]
[Board "96"]

1. d4 g6 2. Nf3 Bg7 3. c3 d6 4. Bg5 h6 5. Bh4 Nd7 6. e3 Ngf6 7. h3 Ne4 8. Nbd2 Ndf6 9. Nxe4 Nxe4 10. Nd2 Nxd2 11. Qxd2 c5 12. dxc5 dxc5 13. Qxd8+ Kxd8 14. O-O-O+ Kc7 15. Bxe7 Be6 16. Bxc5 Bxa2 17. Bd4 Bxd4 18. Rxd4 Rhd8 19. Be2 Bb3 20. Bf3 a5 21. Re1 a4 22. Re2 Ra7 23. Red2 Rxd4 24. Rxd4 b5 25. Be2 Kc6 26. Rb4 Ra5 27. Kd2 Kc5 28. e4 Be6 29. Ke3 Bd7 30. Rd4 Bc6 31. Rd8 Ra7 32. Rc8 a3 33. bxa3 Rxa3 34. Kd2 Ra2+ 35. Kd3 Ra3 36. Rb8 Bd7 37. f4 Be6 38. Bf3 Bc4+ 39. Kd2 Ra2+ 40. Ke3 Rc2 41. Rc8+ Kb6 42. Kd4 Rd2+ 43. Ke5 Rd3 44. Be2 Rxc3 45. Bxc4 Rxc4 46. Rb8+ Ka5 47. g4 b4 48. f5 gxf5 49. gxf5 Rc6 50. Kf4 f6 51. Rh8 b3 52. Ra8+ Kb5 53. Rb8+ Rb6 54. Rd8 Kc4 55. Rd1 b2 56. e5 fxe5+ 57. Kxe5 b1=Q 58. Rxb1 Rxb1 59. f6 Re1+ 60. Kf5 0-1


[Site "https://www.chess.com"]

[Event "Titled Tuesday Blitz July 11 Early 2023"]
[White "Chen, Max"]
[Black "Djokic, Mihailo"]
[WhiteFideId "2622440"]
[BlackFideId "976440"]
[WhiteElo "2490"]
[BlackElo "2618"]
[Result "1-0"]
[Round "8"]
[TimeControl "180+2"]
[Date "2023.07.11"]
[WhiteClock "0:00:35"]
[BlackClock "0:00:00"]
[Board "97"]

1. e4 c5 2. Nf3 d6 3. c3 Nf6 4. Be2 Nc6 5. d4 cxd4 6. cxd4 d5 7. e5 Ne4 8. O-O e6 9. Nc3 Nxc3 10. bxc3 Be7 11. g3 Bd7 12. h4 Rc8 13. Bd2 Na5 14. Bd3 Nc4 15. Bf4 Qa5 16. Qb3 b6 17. h5 Ba4 18. Qb1 Qxc3 19. Rc1 Qa5 20. Bxh7 Kd7 21. h6 g6 22. Bxg6 fxg6 23. Qxg6 Rcg8 24. Qf7 Rf8 25. Qh5 Rf5 26. Qg6 Rxf4 27. gxf4 Kd8 28. Qxe6 Bd7 29. Qf7 Rxh6 30. f5 Qa3 31. Kg2 Qb2 32. Qg8+ Kc7 33. f6 Bc5 34. dxc5 Ne3+ 35. Kg1 b5 36. c6 Bf5 37. Qg7+ Kc8 38. Qxh6 1-0


[Site "https://www.chess.com"]

[Event "Titled Tuesday Blitz July 11 Early 2023"]
[White "HamedWafa4"]
[Black "Rodriguez Fontecha, Marcos"]
[BlackFideId "2256576"]
[WhiteElo "2609"]
[BlackElo "2453"]
[Result "1-0"]
[Round "8"]
[TimeControl "180+2"]
[Date "2023.07.11"]
[WhiteClock "0:00:38"]
[BlackClock "0:00:03"]
[Board "98"]

1. e4 e6 2. d4 d5 3. e5 c5 4. c3 Qb6 5. Nf3 Nc6 6. Be2 f6 7. O-O fxe5 8. Nxe5 Nf6 9. Nxc6 bxc6 10. Qb3 Bd6 11. Be3 Qc7 12. g3 c4 13. Qc2 O-O 14. f4 c5 15. Nd2 cxd4 16. Bxd4 Bc5 17. Nf3 Ne4 18. Bxc5 Qxc5+ 19. Nd4 Rb8 20. Bf3 Nd6 21. Rae1 Bd7 22. Kg2 Rfe8 23. Bg4 Ne4 24. Bf3 Nd6 25. Re2 Rb6 26. Rfe1 Ne4 27. Bxe4 dxe4 28. Qxe4 Reb8 29. Qc2 Qd5+ 30. Kg1 Rxb2 31. Qxb2 Rxb2 32. Rxb2 Qa5 33. Re3 h6 34. Rb8+ Kh7 35. Rb7 Ba4 36. Nxe6 Qd5 37. Rxg7+ Kh8 38. Re7 Bc6 39. Kf1 Qg2+ 40. Ke1 Qg1+ 41. Kd2 Qxh2+ 42. Re2 Qxg3 43. Nd4 Qd3+ 44. Kc1 Qxc3+ 45. Nc2 Ba4 46. Rxa7 Bxc2 47. Re8# 1-0


[Site "https://www.chess.com"]

[Event "Titled Tuesday Blitz July 11 Early 2023"]
[White "Herman, Matthew"]
[Black "Shukhman, Anna"]
[WhiteFideId "2028964"]
[BlackFideId "54180058"]
[WhiteElo "2443"]
[BlackElo "2590"]
[Result "1-0"]
[Round "8"]
[TimeControl "180+2"]
[Date "2023.07.11"]
[WhiteClock "0:00:16"]
[BlackClock "0:01:03"]
[Board "99"]

1. Nf3 Nf6 2. g3 g6 3. Bg2 Bg7 4. O-O O-O 5. d3 d6 6. e4 c5 7. a4 Nc6 8. h3 a6 9. Re1 Rb8 10. c3 e5 11. Bg5 h6 12. Bxf6 Qxf6 13. Na3 b5 14. axb5 axb5 15. Nc2 Be6 16. Ne3 Ra8 17. Qc2 Qe7 18. Nd2 Qb7 19. h4 Ne7 20. Kh2 Rxa1 21. Rxa1 Ra8 22. Rxa8+ Qxa8 23. Bh3 Bxh3 24. Kxh3 f5 25. Qb3+ Kh7 26. Qxb5 f4 27. Nec4 Qa1 28. Kg2 fxg3 29. fxg3 Qe1 30. Qd7 Ng8 31. Qg4 Nf6 32. Qf3 h5 33. Nf1 Qc1 34. Qe2 Bf8 35. Nfe3 Bh6 36. Nd5 Ng4 37. Nxd6 Be3 38. Nxe3 Nxe3+ 39. Kf2 Nd1+ 40. Kg2 Qxb2 41. Qxb2 Nxb2 42. Nb5 Nxd3 43. Kf3 Kg7 44. Nd6 Kf6 45. Nc4 Ke6 46. Ke3 Nc1 47. Kd2 Na2 48. Kc2 g5 49. hxg5 Kf7 50. Kb2 Kg6 51. Nxe5+ Kxg5 52. Kxa2 Kf6 53. Nf3 Ke6 54. Kb3 Kf6 55. Kc4 Ke6 56. Kxc5 Kf6 57. Kd4 h4 58. gxh4 Ke6 59. c4 Kf6 60. c5 Ke6 61. e5 Ke7 62. Kd5 Kd7 63. e6+ Ke7 64. h5 Ke8 65. c6 Kd8 66. h6 Ke8 67. h7 Ke7 68. Ke5 Kd8 69. h8=Q+ Kc7 70. Qg7+ Kb6 71. Qb7+ Kc5 72. c7 Kc4 73. c8=Q+ Kd3 74. Qe4# 1-0


[Site "https://www.chess.com"]

[Event "Titled Tuesday Blitz July 11 Early 2023"]
[White "Avila Jimenez, Xavier"]
[Black "Arat, Ufuk Sezen"]
[WhiteFideId "2210533"]
[BlackFideId "6309089"]
[WhiteElo "2436"]
[BlackElo "2572"]
[Result "0-1"]
[Round "8"]
[TimeControl "180+2"]
[Date "2023.07.11"]
[WhiteClock "0:00:03"]
[BlackClock "0:00:28"]
[Board "100"]

1. d4 Nf6 2. c4 e6 3. Nc3 Bb4 4. f3 d5 5. a3 Bxc3+ 6. bxc3 O-O 7. cxd5 exd5 8. e3 c5 9. Bd3 Nc6 10. Ne2 b6 11. O-O Bb7 12. Ra2 cxd4 13. cxd4 Re8 14. g4 h6 15. Ng3 Ne7 16. Rg2 Qd6 17. h4 Ng6 18. Nf5 Qd7 19. g5 hxg5 20. hxg5 Nh7 21. f4 Rac8 22. Rh2 Nhf8 23. Qh5 Rc3 24. Bb1 Ba6 25. Rd1 Bc8 26. Bd2 Rb3 27. Bc2 Rb2 28. Nxg7 Rxc2 29. Nxe8 Qxe8 30. Rf1 Bf5 31. Rh1 Rxd2 0-1


[Site "https://www.chess.com"]

[Event "Titled Tuesday Blitz July 11 Early 2023"]
[White "Yurasova, Daria"]
[Black "Manukyan, Artyom"]
[WhiteFideId "34146919"]
[BlackFideId "13305786"]
[WhiteElo "2435"]
[BlackElo "2572"]
[Result "1-0"]
[Round "8"]
[TimeControl "180+2"]
[Date "2023.07.11"]
[WhiteClock "0:00:07"]
[BlackClock "0:00:00"]
[Board "101"]

1. d4 e6 2. Nf3 f5 3. c4 Nf6 4. Nc3 Bb4 5. Qc2 Bxc3+ 6. bxc3 b6 7. g3 Bb7 8. Bg2 O-O 9. O-O Be4 10. Qd1 Qe7 11. a4 a5 12. Ba3 d6 13. c5 Na6 14. cxd6 cxd6 15. Qb3 Rab8 16. Ng5 Bxg2 17. Kxg2 Rfe8 18. Qc4 h6 19. Nxe6 Qxe6 20. Qxa6 Qe4+ 21. Kg1 d5 22. Bd6 Rbd8 23. Be5 Ng4 24. Qxb6 Qxe2 25. Rae1 Qf3 26. Qc7 Nxe5 27. Rxe5 Rf8 28. Re7 Qg4 29. Rb1 Rde8 30. Rb7 Rxe7 31. Qxe7 f4 32. f3 Qg6 33. g4 Re8 34. Qd7 Re1+ 35. Kf2 Re3 36. Qf5 Qxf5 37. gxf5 Rxc3 38. Rb5 Rc4 39. Rxa5 Rxd4 40. Ra7 Rb4 41. Ke2 Rb3 42. a5 Ra3 43. a6 h5 44. h4 Kh8 45. Ra8+ Kh7 46. a7 d4 47. Kd2 Ra1 48. Kd3 Ra4 49. Ke4 Ra5 50. Kxd4 Ra3 51. Ke4 Ra4+ 52. Ke5 g6 53. f6 Ra5+ 54. Ke4 1-0


[Site "https://www.chess.com"]

[Event "Titled Tuesday Blitz July 11 Early 2023"]
[White "a-z30"]
[Black "Borrmann, Laurenz"]
[BlackFideId "312187930"]
[WhiteElo "2397"]
[BlackElo "2569"]
[Result "0-1"]
[Round "8"]
[TimeControl "180+2"]
[Date "2023.07.11"]
[WhiteClock "0:00:00"]
[BlackClock "0:01:09"]
[Board "102"]

1. d3 d5 2. Nf3 Nf6 3. g3 g6 4. Bg2 Bg7 5. O-O O-O 6. c4 c6 7. cxd5 cxd5 8. Nc3 d4 9. Nb1 Nc6 10. Bf4 Nd5 11. Qd2 Nxf4 12. Qxf4 e5 13. Qc1 Be6 14. Ng5 Bd5 15. Bxd5 Qxd5 16. Nf3 Rac8 17. Qd2 f5 18. Na3 e4 19. Ne1 Ne5 20. Rc1 e3 21. fxe3 dxe3 22. Qd1 Qxa2 23. Nc4 Nxc4 24. dxc4 Rfd8 25. Nd3 Qa6 26. Qb3 Bd4 27. c5+ Kg7 28. Rc4 h5 29. Qb4 Bf6 30. Rfc1 h4 31. Rxh4 Bxh4 32. Qxh4 Qf6 33. Qb4 Rc7 34. Qb3 g5 35. Nb4 Rcd7 0-1


[Site "https://www.chess.com"]

[Event "Titled Tuesday Blitz July 11 Early 2023"]
[White "Kim, Sergey"]
[Black "Ncatt"]
[WhiteFideId "13700570"]
[WhiteElo "2569"]
[BlackElo "2389"]
[Result "1/2-1/2"]
[Round "8"]
[TimeControl "180+2"]
[Date "2023.07.11"]
[WhiteClock "0:00:09"]
[BlackClock "0:00:21"]
[Board "103"]

1. d4 d5 2. c4 c6 3. Nf3 Nf6 4. Qc2 dxc4 5. Qxc4 Bf5 6. e3 e6 7. Bd3 Bxd3 8. Qxd3 Nbd7 9. O-O Be7 10. Nc3 O-O 11. e4 Qb6 12. Bg5 h6 13. Bh4 Rfe8 14. Rab1 Rad8 15. Qe2 Qa5 16. a3 Qh5 17. Bg3 Nb6 18. Rfd1 Qg6 19. Bc7 Rc8 20. Bg3 Nh5 21. Ne5 Nxg3 22. hxg3 Qg5 23. Rd3 Rcd8 24. f4 Qf6 25. Rbd1 c5 26. dxc5 Bxc5+ 27. Kh2 Rxd3 28. Qxd3 Qe7 29. b4 Bf2 30. Qe2 Rc8 31. Rd3 Bd4 32. Rxd4 Rxc3 33. a4 f6 34. Nf3 Nxa4 35. Qd2 Rc7 36. e5 f5 37. Rd6 Nc3 38. Qd4 Nb5 39. Rd8+ Kh7 40. Qd2 a6 41. Nh4 Rc4 42. Rd7 Qxb4 43. Qxb4 Rxb4 44. Rxb7 a5 45. Rb8 a4 46. Ra8 a3 47. Nf3 Rb2 48. Kh3 a2 49. g4 Nc3 50. gxf5 exf5 51. e6 Re2 52. Ne5 Nd5 53. g3 g5 54. Ra7+ Kg8 55. Ra8+ Kg7 56. Ra7+ Kf6 57. e7 Nxe7 58. Nd7+ Ke6 59. Nc5+ Kd6 60. fxg5 hxg5 61. Nb3 Rb2 62. Nd4 Nc6 63. Ra6 Kc5 64. Nxc6 Kb5 65. Nb8 Kc5 66. Ra5+ Kb6 67. Ra3 Kc7 68. Na6+ Kb6 69. Nb8 Rd2 70. g4 f4 71. Ra4 Kb7 72. Na6 Rd3+ 73. Kh2 Rd2+ 74. Kh3 Kb6 75. Nb4 Kb5 76. Rxa2 Rd4 77. Nc2 Rd3+ 78. Kh2 Rg3 79. Nd4+ Kc5 80. Ne6+ Kd5 81. Nxg5 Rxg4 82. Nh3 f3 83. Rf2 Ke4 84. Ng1 Rg2+ 85. Rxg2 fxg2 86. Kxg2 1/2-1/2


[Site "https://www.chess.com"]

[Event "Titled Tuesday Blitz July 11 Early 2023"]
[White "Palczert, Matyas"]
[Black "Todorovic, Bojan"]
[WhiteFideId "784958"]
[BlackFideId "917087"]
[WhiteElo "2564"]
[BlackElo "2336"]
[Result "0-1"]
[Round "8"]
[TimeControl "180+2"]
[Date "2023.07.11"]
[WhiteClock "0:02:08"]
[BlackClock "0:01:25"]
[Board "104"]

1. e4 g6 2. d4 Bg7 3. Nf3 d6 4. Nc3 a6 5. a4 Nc6 6. Be2 Nf6 7. O-O O-O 8. d5 Nb8 9. h3 c6 10. a5 Nbd7 11. Be3 cxd5 12. exd5 b5 13. axb6 Nxb6 14. Nd4 Nfxd5 15. Nxd5 Nxd5 16. Nc6 Nxe3 17. fxe3 Qc7 18. Bf3 Bb7 19. Qd5 e6 20. Ne7+ Qxe7 21. Qxb7 Qxb7 22. Bxb7 Ra7 23. Bxa6 Rfa8 0-1


[Site "https://www.chess.com"]

[Event "Titled Tuesday Blitz July 11 Early 2023"]
[White "Chernomordik, Pavel"]
[Black "Wang2007"]
[WhiteFideId "2804530"]
[WhiteElo "2552"]
[BlackElo "2321"]
[Result "1-0"]
[Round "8"]
[TimeControl "180+2"]
[Date "2023.07.11"]
[WhiteClock "0:01:41"]
[BlackClock "0:00:00"]
[Board "105"]

1. e4 c5 2. Nc3 Nc6 3. Bb5 Nd4 4. Bc4 e6 5. Nge2 a6 6. Nxd4 cxd4 7. Ne2 b5 8. Bb3 Bb7 9. d3 Qb6 10. O-O Nf6 11. Ng3 Be7 12. f4 O-O-O 13. a4 b4 14. a5 Qc7 15. Bd2 Bc5 16. Qe1 Ng4 17. Bxb4 Ne3 18. Rf2 d5 19. e5 f6 20. Bxc5 Qxc5 21. Ra4 fxe5 22. fxe5 Rdf8 23. Qb4 Qxb4 24. Rxb4 Rxf2 25. Kxf2 Rf8+ 26. Kg1 Rf4 27. c3 1-0


[Site "https://www.chess.com"]

[Event "Titled Tuesday Blitz July 11 Early 2023"]
[White "Ishowmoves57"]
[Black "AyMitecK"]
[WhiteElo "2160"]
[BlackElo "2551"]
[Result "1-0"]
[Round "8"]
[TimeControl "180+2"]
[Date "2023.07.11"]
[WhiteClock "0:00:54"]
[BlackClock "0:01:01"]
[Board "106"]

1. e4 e6 2. d4 d5 3. Bd3 dxe4 4. Bxe4 Nf6 5. Bf3 Bd6 6. Ne2 Nbd7 7. O-O O-O 8. c3 e5 9. dxe5 Nxe5 10. Nd4 c5 11. Nb5 Nxf3+ 12. Qxf3 Be7 13. Bf4 Qd5 14. Nc7 Qxf3 15. gxf3 Rb8 16. Na6 Ra8 17. Nc7 Bh3 18. Re1 Nh5 19. Nxa8 Nxf4 20. Rxe7 Rxa8 21. Nd2 Rd8 22. Rae1 Be6 23. Ne4 b6 24. Ng5 a5 25. Nxe6 Nxe6 26. Rb7 Ng5 27. Kg2 h5 28. Ree7 Rd6 29. h4 Ne6 30. Rxf7 c4 31. Rfd7 Rc6 32. Kg3 Kh8 33. Ra7 Rc5 34. Re7 Re5 35. Rab7 g5 36. Rxb6 gxh4+ 37. Kh2 Re2 38. Rb8+ Nd8 39. Rxd8# 1-0


[Site "https://www.chess.com"]

[Event "Titled Tuesday Blitz July 11 Early 2023"]
[White "Matveeva, Olga"]
[Black "Kantans, Toms"]
[WhiteFideId "24107018"]
[BlackFideId "11602945"]
[WhiteElo "2418"]
[BlackElo "2642"]
[Result "1-0"]
[Round "8"]
[TimeControl "180+2"]
[Date "2023.07.11"]
[WhiteClock "0:00:16"]
[BlackClock "0:00:00"]
[Board "107"]

1. d4 Nf6 2. c4 e6 3. g3 c5 4. d5 exd5 5. cxd5 d6 6. Nc3 g6 7. Bg2 Bg7 8. Nf3 O-O 9. O-O Re8 10. Nd2 a6 11. a4 Nbd7 12. h3 Nh5 13. Nc4 Ne5 14. Na3 Rb8 15. e4 Bd7 16. a5 b5 17. axb6 Rxb6 18. Kh2 Bb5 19. Naxb5 axb5 20. f4 Nc4 21. Ra7 Qb8 22. Rd7 Nf6 23. Rxf7 Kxf7 24. e5 dxe5 25. fxe5 Nxe5 26. d6 Rxd6 27. Bd5+ Kf8 28. Bg5 Nd7 29. Bf4 Qb6 30. Bxd6+ Qxd6 31. Nxb5 Qe5 32. Bg2 Rb8 33. Qxd7 Kg8 34. Qc6 Qxb2 35. Nd6 Qd4 36. Qc7 Rf8 37. Qe7 h6 38. Qe6+ Kh7 39. Ne4 Nxe4 40. Rxf8 Bxf8 41. Bxe4 Qb2+ 42. Kh1 Qg7 43. Bd5 h5 44. Be4 Kh6 45. h4 Qa1+ 46. Kg2 Qb2+ 47. Kh1 Qg7 48. Kg2 Kh7 49. Kh1 Qh6 50. Qf7+ Bg7 51. Bd5 Qc1+ 52. Kg2 Qd2+ 53. Kh1 Qd4 54. Qg8+ Kh6 55. Qf7 Qe3 56. Kg2 Qe5 57. Bc4 Qb2+ 58. Kh1 Qd2 59. Qd5 Qe1+ 60. Kg2 1-0


[Site "https://www.chess.com"]

[Event "Titled Tuesday Blitz July 11 Early 2023"]
[White "Bobkov, Vadim"]
[Black "Lopez Gracia, Fernando"]
[WhiteFideId "34110876"]
[BlackFideId "2207184"]
[WhiteElo "2615"]
[BlackElo "2417"]
[Result "0-1"]
[Round "8"]
[TimeControl "180+2"]
[Date "2023.07.11"]
[WhiteClock "0:00:00"]
[BlackClock "0:00:18"]
[Board "108"]

1. d4 Nf6 2. c4 c5 3. d5 e6 4. Nc3 d6 5. e4 g6 6. Nf3 Bg7 7. Bg5 O-O 8. Be2 h6 9. Bh4 exd5 10. exd5 Bg4 11. O-O Nbd7 12. h3 Bxf3 13. Bxf3 Ne5 14. Be2 g5 15. Bg3 Re8 16. Qd2 Ng6 17. Bd3 Qd7 18. Bxg6 fxg6 19. Rae1 Nh5 20. Bh2 Kh7 21. Rxe8 Rxe8 22. Re1 Rxe1+ 23. Qxe1 Nf4 24. Bxf4 gxf4 25. Qe6 Qd8 26. Nb5 f3 27. Nxd6 Qg5 28. g4 Qc1+ 29. Kh2 Qxb2 30. Ne4 Be5+ 0-1


[Site "https://www.chess.com"]

[Event "Titled Tuesday Blitz July 11 Early 2023"]
[White "Gaal, Zsoka"]
[Black "Fiorito, Joaquin"]
[WhiteFideId "777765"]
[BlackFideId "180173"]
[WhiteElo "2415"]
[BlackElo "2607"]
[Result "0-1"]
[Round "8"]
[TimeControl "180+2"]
[Date "2023.07.11"]
[WhiteClock "0:00:00"]
[BlackClock "0:00:42"]
[Board "109"]

1. Nf3 d5 2. b3 c5 3. Bb2 f6 4. g3 e5 5. Bg2 Nc6 6. O-O Be6 7. e3 Qd7 8. d4 cxd4 9. exd4 e4 10. Ne1 f5 11. Nd2 Nf6 12. c4 g5 13. cxd5 Bxd5 14. Nc4 O-O-O 15. Ne5 Qe6 16. Rc1 f4 17. Nc2 h5 18. Re1 h4 19. b4 hxg3 20. hxg3 f3 21. Bf1 Nxe5 22. dxe5 Ng4 23. Nd4+ Kd7 24. Nxe6 Kxe6 25. Bc4 Bxb4 26. Rxe4 Bxc4 27. Rexc4 Rh1+ 28. Kxh1 Nxf2+ 29. Kg1 Nxd1 30. Rxb4 Rd2 31. Bd4 a5 32. Rb6+ Kf5 33. Rd6 Kg4 34. Bb6 Rg2+ 35. Kf1 Nb2 36. e6 Re2 37. Rd4+ Kxg3 38. Bc7+ Kh3 39. e7 Rxe7 40. Rd6 Re2 41. Rh6+ Kg4 42. Rb1 a4 43. a3 b5 44. Be5 Nd3 45. Bd4 Re4 46. Bb6 f2 47. Rd1 Re1+ 48. Rxe1 fxe1=Q+ 49. Kg2 Qe2+ 0-1


[Site "https://www.chess.com"]

[Event "Titled Tuesday Blitz July 11 Early 2023"]
[White "Rios Escobar, Adan"]
[Black "Pinheiro, Iung Alicio de O."]
[WhiteFideId "3403645"]
[BlackFideId "2104350"]
[WhiteElo "2412"]
[BlackElo "2569"]
[Result "1-0"]
[Round "8"]
[TimeControl "180+2"]
[Date "2023.07.11"]
[WhiteClock "0:00:18"]
[BlackClock "0:00:00"]
[Board "110"]

1. d4 Nf6 2. g3 g6 3. Bg2 d5 4. c4 c6 5. Nf3 Bg7 6. cxd5 cxd5 7. Nc3 O-O 8. Ne5 e6 9. Bg5 h6 10. Bf4 Nfd7 11. O-O Nxe5 12. Bxe5 Bxe5 13. dxe5 Nc6 14. Qd2 Kg7 15. Rad1 Nxe5 16. e4 Nc4 17. Qe2 Nb6 18. exd5 Qf6 19. Ne4 Qe5 20. f4 Qc7 21. d6 Qd8 22. b3 Bd7 23. Qb2+ f6 24. Nc5 Rc8 25. b4 Nd5 26. Rfe1 Re8 27. Kh1 Rb8 28. Qd2 b6 29. Na6 Rc8 30. Bxd5 exd5 31. Nc7 Rxe1+ 32. Rxe1 Bf5 33. Re7+ Kf8 34. Ne6+ Bxe6 35. Rxe6 Kf7 36. Qxd5 Rc1+ 37. Kg2 Rc2+ 38. Kf1 Kf8 39. Re7 Rc1+ 40. Kf2 Rc2+ 41. Ke1 Qxe7+ 42. dxe7+ Kxe7 43. Qe4+ 1-0


[Site "https://www.chess.com"]

[Event "Titled Tuesday Blitz July 11 Early 2023"]
[White "chess123456s"]
[Black "Fule, Simon"]
[BlackFideId "787515"]
[WhiteElo "2559"]
[BlackElo "2411"]
[Result "1-0"]
[Round "8"]
[TimeControl "180+2"]
[Date "2023.07.11"]
[WhiteClock "0:01:04"]
[BlackClock "0:00:00"]
[Board "111"]

1. e4 e5 2. Nf3 Nc6 3. g3 Nf6 4. d3 d5 5. exd5 Nxd5 6. Bg2 Bd6 7. O-O O-O 8. Re1 Re8 9. Nbd2 Nb6 10. Ne4 Bf8 11. b3 f6 12. Bb2 Bg4 13. h3 Bh5 14. g4 Bf7 15. d4 exd4 16. Nxd4 Nxd4 17. Qxd4 Qxd4 18. Bxd4 Rad8 19. Rad1 Bb4 20. c3 Rxd4 21. cxb4 Rxb4 22. Nc5 Rxe1+ 23. Rxe1 Bd5 24. Nxb7 Bxg2 25. Kxg2 Nd5 26. Nd8 Kf8 27. Rd1 Nc3 28. Rd2 Rb6 29. Rc2 Nd5 30. Nc6 a6 31. Nd4 Ke8 32. Kg3 Kd7 33. Rd2 g6 34. f4 Rd6 35. Ne2 Nb4 36. Rxd6+ Kxd6 37. Nc3 f5 38. gxf5 gxf5 39. Kh4 Kc5 40. Kg5 Kd4 41. Ne2+ Ke3 42. Ng3 Nxa2 43. Nxf5+ Ke4 44. Ng3+ 1-0


[Site "https://www.chess.com"]

[Event "Titled Tuesday Blitz July 11 Early 2023"]
[White "infinitypoint"]
[Black "Rom, Jasper"]
[BlackFideId "2023733"]
[WhiteElo "2557"]
[BlackElo "2409"]
[Result "0-1"]
[Round "8"]
[TimeControl "180+2"]
[Date "2023.07.11"]
[WhiteClock "0:00:37"]
[BlackClock "0:00:03"]
[Board "112"]

1. d4 d5 2. c4 e6 3. Nc3 c6 4. cxd5 exd5 5. e4 dxe4 6. Nxe4 Bb4+ 7. Nc3 Nf6 8. Bd3 Qxd4 9. Ne2 Qd8 10. Bg5 O-O 11. Qc2 h6 12. Bh4 Be6 13. O-O-O Nbd7 14. Nd4 Qa5 15. Nxe6 fxe6 16. Bc4 Nd5 17. Bg3 N7b6 18. Bb3 Rae8 19. Ne4 Be7 20. Nd6 Bxd6 21. Bxd6 Rf6 22. Rhe1 Qb5 23. a3 a5 24. Be5 Rf5 25. g4 Rf3 26. Ba2 a4 27. Bd4 Nd7 28. Bc4 Qa5 29. Re4 b5 30. Be2 Rf7 31. Bd3 N7f6 32. Bxf6 Rxf6 33. Rde1 Qc7 34. Re5 Qd6 35. Bh7+ Kh8 36. h4 Ref8 37. R5e2 Rf4 38. g5 Rc4 39. gxh6 Rxc2+ 40. Bxc2 gxh6 41. Rxe6 Qf4+ 42. Kb1 Qxf2 43. Rxh6+ Kg7 44. Ree6 Rf6 45. Rh7+ Kf8 46. Re5 Qf1+ 47. Ka2 Qc4+ 48. Kb1 Rf1+ 49. Bd1 Rxd1# 0-1


[Site "https://www.chess.com"]

[Event "Titled Tuesday Blitz July 11 Early 2023"]
[White "Szyszylo, Rafal"]
[Black "Thecourseoisildur"]
[WhiteFideId "1109626"]
[WhiteElo "2400"]
[BlackElo "2548"]
[Result "1-0"]
[Round "8"]
[TimeControl "180+2"]
[Date "2023.07.11"]
[WhiteClock "0:00:03"]
[BlackClock "0:00:00"]
[Board "113"]

1. e4 c5 2. Nc3 Nc6 3. Bb5 Nd4 4. Nf3 Nxb5 5. Nxb5 d5 6. exd5 a6 7. Nc3 Nf6 8. d4 Nxd5 9. Ne4 cxd4 10. Qxd4 e6 11. O-O Qb6 12. c4 Qxd4 13. Nxd4 Nf6 14. Nxf6+ gxf6 15. Be3 f5 16. Rfe1 Bg7 17. Rad1 Rg8 18. g3 Bd7 19. b3 O-O-O 20. Rd2 Bc6 21. f4 Be4 22. Kf2 Bf8 23. Nf3 Bb4 24. Rxd8+ Rxd8 25. Rc1 Ba3 26. Re1 Bb2 27. Ng5 Rf8 28. Nxe4 fxe4 29. Bc5 Rd8 30. Rxe4 Rd1 31. Re2 Bc3 32. Kf3 Rf1+ 33. Kg4 Kd7 34. Kg5 Kc6 35. Be7 Bg7 36. Rd2 h6+ 37. Kg4 Rh1 38. b4 Bc3 39. Rd6+ Kc7 40. c5 Rxh2 41. Bd8+ Kc8 42. Bb6 f5+ 43. Kf3 Bf6 44. Rxe6 1-0


[Site "https://www.chess.com"]

[Event "Titled Tuesday Blitz July 11 Early 2023"]
[White "Topalov, Aleksandar"]
[Black "Papayan, Oleg"]
[WhiteFideId "925659"]
[BlackFideId "4193911"]
[WhiteElo "2408"]
[BlackElo "2529"]
[Result "1-0"]
[Round "8"]
[TimeControl "180+2"]
[Date "2023.07.11"]
[WhiteClock "0:00:07"]
[BlackClock "0:00:00"]
[Board "114"]

1. b3 d5 2. Bb2 c5 3. e3 Nc6 4. Bb5 Bd7 5. Nf3 f6 6. d4 e6 7. O-O a6 8. Be2 cxd4 9. exd4 Bd6 10. c4 Nge7 11. Nbd2 O-O 12. Re1 Ng6 13. Bf1 Rc8 14. a3 Nf4 15. g3 Ng6 16. Bg2 Re8 17. Rc1 b5 18. cxd5 exd5 19. Nf1 Rxe1 20. Nxe1 Nce7 21. Ne3 Be6 22. Nd3 Kf7 23. Nc5 Bxc5 24. dxc5 Ne5 25. Bxe5 fxe5 26. Qh5+ Kf6 27. Qxh7 d4 28. Qh4+ g5 29. Qh6+ Ng6 30. h4 gxh4 31. Be4 Qg8 32. gxh4 dxe3 33. h5 exf2+ 34. Kxf2 Bf5 35. Bxf5 Kxf5 36. hxg6 Qxg6 37. Qh3+ Qg4 38. Qxg4+ Kxg4 39. Ke3 Kf5 40. b4 e4 41. Rf1+ Ke5 42. Rf4 Kd5 43. Rxe4 Rh8 44. Rf4 Rh3+ 45. Rf3 Rh1 46. Kf4 Ra1 47. Rc3 Kc6 48. Ke5 Re1+ 49. Kd4 Ra1 50. Rd3 Kc7 51. Kd5 Ra2 52. Ke6 Re2+ 53. Kd5 Ra2 54. Rh3 Rd2+ 55. Ke4 Kc6 56. Rh6+ Kb7 57. Rb6+ Ka7 58. Rd6 Ra2 59. Rd7+ Kb8 60. Kd5 Rxa3 61. Kc6 Rb3 62. Rd8+ Ka7 63. Rd7+ Kb8 64. Kb6 Kc8 65. Rc7+ Kd8 66. Ra7 Rxb4 67. c6 Rc4 68. Ra8+ Ke7 69. c7 Kd7 70. Rd8+ Ke7 71. c8=Q Rxc8 72. Rxc8 Kd6 73. Kxa6 b4 74. Ka5 b3 75. Rb8 Kc5 76. Rxb3 1-0


[Site "https://www.chess.com"]